AoeStats
← <johnny>bravo

Migration

510234309Analyzed
1v1 RM · 2d ago on Sep 30, 2026· 54m 27s· 2 players
Game mode
Random Map
Map size
132×132
Population
200
Speed
Normal
Resources
Standard
Victory
Conquest
Starting age
Dark Age
Ending age
Imperial Age
RankedLock teamsTeams togetherTeam positionsShared explorationLock speedFull tech treeHidden civsTurbo modeCheats
Victory
Defeat
🇺🇸 Britons · United States
688
+15
🇳🇿 Italians · New Zealand
667
-33
Jack_Mihoff
12:21 Feudal Age
12:54 Horse Collar
18:39 Double-Bit Axe
20:02 Man-at-Arms
23:25 Castle Age
24:17 Medium Warships
23:29 Demolition Ship
35:20 Imperial Age
34:57 Bow Saw
34:54 Padded Archer Armor
34:45 Fletching
39:47 Heavy Warships
42:20 Cavalier
43:00 Husbandry
43:16 Clinker Construction
43:17 Fortified Wall
45:40 Carvel Hull
46:28 Stone Mining
52:36 Two-Man Saw
<johnny>bravo
9:51 Loom
12:34 Feudal Age
13:17 Double-Bit Axe
14:10 Wheelbarrow
13:54 Fishing Lines
17:17 Gold Mining
21:21 Castle Age
21:11 Town Watch
22:56 Hand Cart
22:35 Fletching
22:56 Gillnets
23:32 Bow Saw
23:33 Stone Mining
27:13 Ballistics
27:07 Fortified Wall
27:09 Masonry
27:06 Bodkin Arrow
30:50 Gold Shaft Mining
30:50 Murder Holes
31:42 Treadmill Crane
34:34 Imperial Age
33:04 Heated Shot
33:22 Padded Archer Armor
36:19 Yeomen
36:22 Conscription
36:46 Hoardings
36:11 Warwolf
36:50 Hoardings
36:06 Capped Ram
37:14 Demolition Ship
38:19 Shipwright
39:03 Chemistry
38:36 Architecture
39:05 Heavy Demolition Ship
39:49 Bracer
40:05 Leather Archer Armor
40:00 Siege Engineers
39:22 Elite Longbowman
40:36 Architecture
42:29 Ring Archer Armor
45:50 Siege Engineers
45:57 Clinker Construction
46:00 Careening
46:00 Siphons
50:14 Murder Holes
50:40 Dry Dock
50:43 Carvel Hull
Connection lost

Rejoining the realm…

Still unreachable

The connection could not be restored.

Session expired

The server has moved on; the page needs a fresh start.